SNL (28 & UNDER)
KEY WEST BARRACUDAS @ BLACKIRON DRAGONS
04/14/2028
 
TOP OF THE 1ST
Key West Barracudas batting - Pitching for BlackIron Dragons : RHP Jorge Guillén
Pitching: RHP Jorge Guillén
Batting: SHB Luis Manuel López 0-0: Called Strike
0-1: Ball
1-1: Bunt for hit - play at first, batter OUT! 1-3
Batting: SHB Héctor Jiménez 0-0: Ground out 6-3 (Groundball, 6M)
Batting: RHB Frederick Chamberlain 0-0: Called Strike
0-1: Ball
1-1: Ball
2-1: Ball
3-1: DOUBLE (Flyball, 7LM)
Batting: SHB Héctor Padilla 0-0: Ball
1-0: Ball
2-0: Ball
3-0: Base on Balls
Batting: RHB Ramón Díaz 0-0: Called Strike
0-1: Ball
1-1: Ball
2-1: Foul Ball, location: 2F
2-2: Ball
3-2: Fly out, F9 (Flyball, 89M)
Top of the 1st over - 0 run(s), 1 hit(s), 0 error(s), 2 left on base; Key West 0 - BlackIron 0
BOTTOM OF THE 1ST
BlackIron Dragons batting - Pitching for Key West Barracudas : RHP Kade Coleman
Pitching: RHP Kade Coleman
Batting: SHB Félix Montoya 0-0: Foul Ball, location: 2F
0-1: Ball
1-1: SINGLE (Line Drive, 34)
Batting: LHB António Romo 0-0: Called Strike
0-1: Swinging Strike
0-2: Strikes out looking
Batting: LHB Giovannino Arduino 0-0: Ball
1-0: Ball
Félix Montoya steals 2nd base
2-0: Ball
3-0: Called Strike
3-1: Base on Balls
Batting: RHB Doug O'Brien 0-0: Ball
1-0: Ball
2-0: Called Strike
2-1: Foul Ball, location: 2F
2-2: Strikes out swinging
Batting: RHB Brady McIntyre 0-0: Called Strike
0-1: SINGLE (Groundball, 56D)
Félix Montoya to third
Giovannino Arduino to second
Runner from 3rd tries for Home, SAFE, no throw
Batting: SHB Júlio Macías 0-0: Ball
1-0: Called Strike
1-1: Called Strike
1-2: Ball
2-2: Foul Ball, location: 2F
2-2: Ball
3-2: Fly out, F8 (Flyball, 8LS)
Bottom of the 1st over - 1 run(s), 2 hit(s), 0 error(s), 2 left on base; Key West 0 - BlackIron 1
TOP OF THE 2ND
Key West Barracudas batting - Pitching for BlackIron Dragons : RHP Jorge Guillén
Batting: SHB Jacob Knapp 0-0: Ball
1-0: Ball
2-0: Fly out, F9 (Flyball, 9D)
Batting: RHB Anastasio Zartuche 0-0: Ground out 2-3 (Groundball, 15S)
Batting: LHB Mauro Díaz 0-0: Ball
1-0: Ground out 6-3 (Groundball, 56D)
Top of the 2nd over - 0 run(s), 0 hit(s), 0 error(s), 0 left on base; Key West 0 - BlackIron 1
BOTTOM OF THE 2ND
BlackIron Dragons batting - Pitching for Key West Barracudas : RHP Kade Coleman
Batting: LHB Pedro Rodríguez 0-0: Ball
1-0: Called Strike
1-1: Swinging Strike
1-2: Ball
2-2: Strikes out swinging
Batting: LHB Al Bartlett 0-0: Called Strike
0-1: Ball
1-1: Swinging Strike
1-2: Ball
2-2: DOUBLE (Flyball, 78M)
Batting: RHB Juan Gonzáles 0-0: Ground out 3-1 (Groundball, 34)
Al Bartlett to third
Batting: SHB Félix Montoya 0-0: Swinging Strike
0-1: SINGLE (Groundball, 6MD)
Al Bartlett scores
Batting: LHB António Romo 0-0: Ball
1-0: Swinging Strike
1-1: Called Strike
1-2: Ball
2-2: Strikes out looking
Bottom of the 2nd over - 1 run(s), 2 hit(s), 0 error(s), 1 left on base; Key West 0 - BlackIron 2
TOP OF THE 3RD
Key West Barracudas batting - Pitching for BlackIron Dragons : RHP Jorge Guillén
Batting: RHB Júlio Cruz 0-0: Called Strike
0-1: Fly out, F9 (Line Drive, 89M)
Batting: SHB Luis Manuel López 0-0: Called Strike
0-1: Swinging Strike
0-2: Strikes out swinging, 2-3 out at first.
Batting: SHB Héctor Jiménez 0-0: Called Strike
0-1: SINGLE (Line Drive, 6D)
Batting: RHB Frederick Chamberlain 0-0: Called Strike
0-1: Ball
1-1: Ball
2-1: Ball
3-1: Fly out, F6 (Line Drive, 6)
Top of the 3rd over - 0 run(s), 1 hit(s), 0 error(s), 1 left on base; Key West 0 - BlackIron 2
BOTTOM OF THE 3RD
BlackIron Dragons batting - Pitching for Key West Barracudas : RHP Kade Coleman
Batting: LHB Giovannino Arduino 0-0: Called Strike
0-1: Foul Ball, location: 2F
0-2: Foul Ball, location: 2F
0-2: Fly out, F3 (Line Drive, 3L)
Batting: RHB Doug O'Brien 0-0: Foul Ball, location: 2F
0-1: SINGLE (Groundball, 6MD)
Batting: RHB Brady McIntyre 0-0: Foul Ball, location: 2F
0-1: Fly out, F7 (Flyball, 7)
Batting: SHB Júlio Macías 0-0: SINGLE (Groundball, 25) (infield hit)
Doug O'Brien to second
Batting: LHB Pedro Rodríguez 0-0: Ball
1-0: Ball
2-0: Called Strike
2-1: Foul Ball, location: 2F
2-2: Ball
3-2: Fly out, F6 (Line Drive, 6)
Bottom of the 3rd over - 0 run(s), 2 hit(s), 0 error(s), 2 left on base; Key West 0 - BlackIron 2
TOP OF THE 4TH
Key West Barracudas batting - Pitching for BlackIron Dragons : RHP Jorge Guillén
Batting: SHB Héctor Padilla 0-0: Ball
1-0: Ball
2-0: Ball
3-0: Called Strike
3-1: Swinging Strike
3-2: Fly out, F9 (Flyball, 9D)
Batting: RHB Ramón Díaz 0-0: Called Strike
0-1: Foul Ball, location: 2F
0-2: Strikes out looking
Batting: SHB Jacob Knapp 0-0: Ball
1-0: Called Strike
1-1: Ground out 6-3 (Groundball, 6)
Top of the 4th over - 0 run(s), 0 hit(s), 0 error(s), 0 left on base; Key West 0 - BlackIron 2
BOTTOM OF THE 4TH
BlackIron Dragons batting - Pitching for Key West Barracudas : RHP Kade Coleman
Batting: LHB Al Bartlett 0-0: Foul Ball, location: 2F
0-1: Ball
1-1: Called Strike
1-2: Strikes out swinging, 2-3 out at first.
Batting: RHB Juan Gonzáles 0-0: Called Strike
0-1: Ground out 1-3 (Groundball, P)
Batting: SHB Félix Montoya 0-0: Ball
1-0: Foul Ball, location: 2F
1-1: Foul Ball, location: 2F
1-2: Ball
2-2: SOLO HOME RUN (Line Drive, 9D), Distance : 424 ft
Batting: LHB António Romo 0-0: Called Strike
0-1: Ball
1-1: Ball
2-1: SOLO HOME RUN (Flyball, 9D), Distance : 395 ft
Batting: LHB Giovannino Arduino 0-0: Ball
1-0: Foul Ball, location: 2F
1-1: Called Strike
1-2: Foul Ball, location: 2F
1-2: SINGLE (Groundball, 25) (infield hit)
Batting: RHB Doug O'Brien 0-0: Ball
1-0: SINGLE (Line Drive, 34)
Giovannino Arduino to second
Runner from 2nd tries for 3rd, SAFE, throw made to third
Batting: RHB Brady McIntyre 0-0: Ball
1-0: Ball
2-0: Fly out, F8 (Flyball, 8LS)
Bottom of the 4th over - 2 run(s), 4 hit(s), 0 error(s), 2 left on base; Key West 0 - BlackIron 4
TOP OF THE 5TH
Key West Barracudas batting - Pitching for BlackIron Dragons : RHP Jorge Guillén
Batting: RHB Anastasio Zartuche 0-0: Foul Ball, location: 2F
0-1: DOUBLE (Line Drive, 78D)
Batting: LHB Mauro Díaz 0-0: Called Strike
0-1: Foul Ball, location: 2F
0-2: Foul Ball, location: 2F
0-2: Ball
1-2: Ground out 4-3 (Groundball, 4S)
Anastasio Zartuche to third
Batting: RHB Júlio Cruz 0-0: Ball
1-0: Called Strike
1-1: Fly out, F7 (Line Drive, 7)
Runner from 3rd tags up, OUT at HOME
Top of the 5th over - 0 run(s), 1 hit(s), 0 error(s), 0 left on base; Key West 0 - BlackIron 4
BOTTOM OF THE 5TH
BlackIron Dragons batting - Pitching for Key West Barracudas : RHP Kade Coleman
Pitching: RHP Bob Schneider
Batting: SHB Júlio Macías 0-0: Called Strike
0-1: Ball
1-1: Ball
2-1: Ground out 1-3 (Groundball, 13)
Batting: LHB Pedro Rodríguez 0-0: Ball
1-0: Ball
2-0: Ball
3-0: Called Strike
3-1: Base on Balls
Batting: LHB Al Bartlett 0-0: Called Strike
0-1: Grounds into double play, 5-4-3 (Groundball, 5)
Bottom of the 5th over - 0 run(s), 0 hit(s), 0 error(s), 0 left on base; Key West 0 - BlackIron 4
TOP OF THE 6TH
Key West Barracudas batting - Pitching for BlackIron Dragons : RHP Jorge Guillén
Batting: SHB Luis Manuel López 0-0: Called Strike
0-1: Swinging Strike
0-2: Strikes out looking
Batting: SHB Héctor Jiménez 0-0: Called Strike
0-1: Swinging Strike
0-2: Ground out 4-3 (Groundball, 4)
Batting: RHB Frederick Chamberlain 0-0: Swinging Strike
0-1: Ball
1-1: Ball
2-1: SINGLE (Groundball, 56D)
Pitching: RHP Lee Hecker
Batting: SHB Héctor Padilla 0-0: Called Strike
0-1: Ball
1-1: SINGLE (Groundball, 3L) (infield hit)
Frederick Chamberlain to second
Batting: RHB Ramón Díaz 0-0: Called Strike
0-1: Foul Ball, location: 2F
0-2: Strikes out swinging
Top of the 6th over - 0 run(s), 2 hit(s), 0 error(s), 2 left on base; Key West 0 - BlackIron 4
BOTTOM OF THE 6TH
BlackIron Dragons batting - Pitching for Key West Barracudas : RHP Bob Schneider
Batting: RHB Juan Gonzáles 0-0: Called Strike
0-1: Foul Ball, location: 2F
0-2: Strikes out swinging
Batting: SHB Félix Montoya 0-0: Swinging Strike
0-1: Ball
1-1: Swinging Strike
1-2: Foul Ball, location: 2F
1-2: Strikes out looking
Batting: LHB António Romo 0-0: Swinging Strike
0-1: Fly out, F4 (Popup, 3D)
Bottom of the 6th over - 0 run(s), 0 hit(s), 0 error(s), 0 left on base; Key West 0 - BlackIron 4
TOP OF THE 7TH
Key West Barracudas batting - Pitching for BlackIron Dragons : RHP Lee Hecker
Batting: SHB Jacob Knapp 0-0: Called Strike
0-1: Foul Ball, location: 2F
0-2: Ball
1-2: Ball
2-2: Foul Ball, location: 2F
2-2: Ball
3-2: Strikes out looking
Batting: RHB Anastasio Zartuche 0-0: Called Strike
0-1: Ball
1-1: Foul Ball, location: 2F
1-2: Strikes out swinging
Batting: LHB Mauro Díaz 0-0: Called Strike
0-1: Called Strike
0-2: Ball
1-2: Foul Ball, location: 2F
1-2: Ground out 5-3 (Groundball, 56)
Top of the 7th over - 0 run(s), 0 hit(s), 0 error(s), 0 left on base; Key West 0 - BlackIron 4
BOTTOM OF THE 7TH
BlackIron Dragons batting - Pitching for Key West Barracudas : RHP Bob Schneider
Batting: LHB Giovannino Arduino 0-0: Ball
1-0: Called Strike
1-1: DOUBLE (Flyball, 8LD)
Batting: RHB Doug O'Brien 0-0: Ball
1-0: Ball
2-0: Ball
3-0: Base on Balls
Batting: RHB Brady McIntyre 0-0: Swinging Strike
0-1: Called Strike
0-2: Foul Ball, location: 2F
0-2: Foul Ball, location: 2F
0-2: Grounds into double play, 5-4-3 (Groundball, 5)
Giovannino Arduino to third
Batting: SHB Júlio Macías 0-0: Foul Ball, location: 2F
0-1: Ball
1-1: Swinging Strike
1-2: SINGLE (Groundball, 34D)
Giovannino Arduino scores
Batting: LHB Pedro Rodríguez 0-0: Called Strike
Júlio Macías steals 2nd base
0-1: Ball
1-1: Ball
2-1: 2-RUN HOME RUN (Flyball, 8RXD), Distance : 435 ft
Batting: LHB Al Bartlett 0-0: SINGLE (Groundball, 3D)
Batting: RHB Juan Gonzáles 0-0: Ball
1-0: Called Strike
1-1: Foul Ball, location: 2F
1-2: Strikes out swinging
Bottom of the 7th over - 3 run(s), 4 hit(s), 0 error(s), 1 left on base; Key West 0 - BlackIron 7
TOP OF THE 8TH
Key West Barracudas batting - Pitching for BlackIron Dragons : RHP Lee Hecker
Batting: RHB Júlio Cruz 0-0: Ball
1-0: Foul Ball, location: 2F
1-1: Ground out 5-3 (Groundball, 56S)
Batting: SHB Luis Manuel López 0-0: Called Strike
0-1: Ball
1-1: Swinging Strike
1-2: Foul Ball, location: 2F
1-2: Strikes out swinging
Pinch Hitting: LHB Daniel Byrd 0-0: Ground out U3 (Groundball, 34)
Top of the 8th over - 0 run(s), 0 hit(s), 0 error(s), 0 left on base; Key West 0 - BlackIron 7
BOTTOM OF THE 8TH
BlackIron Dragons batting - Pitching for Key West Barracudas : RHP Bob Schneider
Now at 2B: Richard Sanders
Batting: SHB Félix Montoya 0-0: Ball
1-0: Called Strike
1-1: Ground out U3 (Groundball, 3)
Batting: LHB António Romo 0-0: Ball
1-0: Called Strike
1-1: Ball
2-1: Ball
3-1: Base on Balls
Pitching: RHP Sean Flynn
Pinch Hitting: RHB Vernon Sterling 0-0: Ball
1-0: DOUBLE (Line Drive, 9LD)
António Romo to third
Batting: RHB Doug O'Brien 0-0: Called Strike
0-1: Ball
1-1: Ball
2-1: Swinging Strike
2-2: Strikes out looking
Batting: RHB Brady McIntyre 0-0: Foul Ball, location: 2F
0-1: Called Strike
0-2: SINGLE (Groundball, 34D)
António Romo scores
Vernon Sterling to third
Runner from 3rd tries for Home, SAFE, throw made home
Batting: SHB Júlio Macías 0-0: Ball
1-0: Called Strike
1-1: Called Strike
1-2: Foul Ball, location: 2F
1-2: Ball
2-2: Ball
3-2: Base on Balls
Brady McIntyre to second
Batting: LHB Pedro Rodríguez 0-0: Ball
1-0: Ball
2-0: Called Strike
2-1: Ball
3-1: Foul Ball, location: 2F
3-2: Foul Ball, location: 2F
3-2: Fly out, F7 (Flyball, 7D)
Bottom of the 8th over - 2 run(s), 2 hit(s), 0 error(s), 2 left on base; Key West 0 - BlackIron 9
TOP OF THE 9TH
Key West Barracudas batting - Pitching for BlackIron Dragons : RHP Lee Hecker
Now in RF: Alexander Barr
Batting: RHB Frederick Chamberlain 0-0: Foul Ball, location: 2F
0-1: Foul Ball, location: 2F
0-2: Ball
1-2: Ball
2-2: Strikes out swinging
Batting: SHB Héctor Padilla 0-0: Ground out U3 (Groundball, 34)
Batting: RHB Ramón Díaz 0-0: Foul Ball, location: 2F
0-1: Ball
1-1: Called Strike
1-2: Strikes out swinging
Top of the 9th over - 0 run(s), 0 hit(s), 0 error(s), 0 left on base; Key West 0 - BlackIron 9
Tuesday, August 8th, 2017 - OOTP Baseball 17.12 Build 75